 Dungeon Crawl Stone Soup version 0.29.1-1-gd02db6906a (webtiles) character file.

Game seed: 10269022654611196105

63 Icepheonix32 the Caller (level 4, -2/30 HPs)
             Began as a Merfolk Summoner on Oct 9, 2022.
             Slain by a shadow imp (4 damage)
             ... summoned by Natasha
             ... on level 2 of the Dungeon.
             The game lasted 00:01:54 (1517 turns).

Icepheonix32 the Caller (Merfolk Summoner)          Turns: 1517, Time: 00:01:54

Health: -2/30      AC:  2    Str:  8    XL:     4   Next: 9%
Magic:  4/7        EV: 12    Int: 16    God:
Gold:   103        SH:  0    Dex: 14    Spells: 1/7 levels left

rFire   . . .      SeeInvis .   k - +2 whip (drain)
rCold   . . .      Faith    .   (no shield)
rNeg    . . .      Spirit   .   a - +0 robe
rPois   .          Reflect  .   (no helmet)
rElec   .          Harm     .   (no cloak)
rCorr   .          Rampage  .   (no gloves)
Will    .....                   (no boots)
Stlth   ++........              (no amulet)
HPRegen 0.10/turn               (no ring)
MPRegen 0.10/turn               (no ring)

@: no status effects
A: (nimble swimmer 2), mertail
a: no special abilities


You were on level 2 of the Dungeon.
You visited 1 branch of the dungeon, and saw 2 of its levels.

You collected 103 gold pieces.

Inventory:

Hand Weapons
 g - a +0 vampiric short sword
 k - a +2 whip of draining (weapon)
 p - a +1 dagger of holy wrath
Missiles
 j - 14 stones
 n - 3 boomerangs
Armour
 a - a +0 robe (worn)
Jewellery
 h - a ring of positive energy
Scrolls
 d - 2 scrolls of identify {unknown}
 e - a scroll of magic mapping {unknown}
 l - a scroll of enchant weapon {unknown}
 m - a scroll of amnesia {unknown}
 o - a scroll of poison {unknown}
Potions
 b - a potion of magic
 c - a potion of curing {unknown}
 f - 2 potions of attraction {unknown}
 i - 2 potions of cancellation {unknown}


   Skills:
 - Level 2.6 Dodging
 - Level 2.1 Stealth
 - Level 2.0 Spellcasting
 + Level 5.5 Summonings


You had one spell level left.
You knew the following spells:

 Your Spells              Type           Power      Damage    Failure   Level
a - Summon Small Mammal   Summ           76%        N/A       2%          1
b - Call Imp              Summ           19%        N/A       3%          2
c - Call Canine Familiar  Summ           19%        N/A       6%          3

Your spell library contained the following spells:

 Spells                   Type           Power      Damage    Failure   Level
 Summon Guardian Golem    Hex/Summ       10%        N/A       21%         3
 Tukima's Dance           Hex            1%         N/A       52%         3
 Summon Lightning Spire   Summ/Air       10%        N/A       54%         4
 Passage of Golubria      Tloc           1%         N/A       90%         4
 Yara's Violent Unravell  Hex/Tmut       0%         3d3       99%         5


Dungeon Overview and Level Annotations

Branches:
Dungeon (2/15)

Altars:

Shops:
D:1 =

Annotations:
D:2 Natasha


Innate Abilities, Weirdness & Mutations

((You are very nimble when in or above water. (Stealth+, EV+, Speed+++)))
Your lower body shifts to a powerful aquatic tail in water.


Message History

Your bat hits Natasha but does no damage.
Your white imp misses Natasha.
You closely miss Natasha.
Your bat closely misses Natasha.
Your bat hits Natasha but does no damage.
Natasha mumbles some strange words.
Your white imp gestures at Natasha.
The puff of frost hits Natasha!
You closely miss Natasha.
Natasha is heavily wounded.
Your bat barely misses Natasha.
Natasha claws you!
Your white imp hits Natasha but does no damage.
You barely miss Natasha.
Natasha is heavily wounded.
Your bat barely misses Natasha. x2; Natasha claws you.
Your white imp hits Natasha.
Your white imp freezes Natasha.
Your rat barely misses Natasha.
You closely miss Natasha.
Natasha is almost dead.
Your bat misses Natasha.
Your bat hits Natasha but does no damage.
Your bat hits the white imp but does no damage.
Natasha claws you.
* * * LOW HITPOINT WARNING * * *
Your rat barely misses Natasha.
Your white imp hits Natasha.
Your white imp freezes Natasha.
Natasha dies!
Natasha yowls pathetically as she dies!
The white imp disappears in a puff of smoke!
You have reached level 4!
Unknown command.
A dart slug is nearby!
Natasha, Servant of Life and Death comes into view.
Natasha hisses angrily.
Natasha casts a spell.
You closely miss the shadow imp. The shadow imp hits you.
* * * LOW HITPOINT WARNING * * *
You hit the shadow imp.
The shadow imp is lightly wounded.
The shadow imp hits you.
You die...

#.....(.w. #.......
#..... ######...#
.........# ######...#
##.## #
#######.##############
##.
...........5rb@5h.....
.>
......###..###########
#.# ......
##..........#
######..# .....
###†.......###....##..
.....
#........##......##.
....
#........#..........
....
###.######.......)#.
#.######........#†
#...#........)..#.


You could see Natasha (ally target), a shadow imp (summoned), a friendly white
imp (summoned), a friendly bat (summoned) and a friendly rat (summoned).

Vanquished Creatures
  An endoplasm (D:1)
  8 giant cockroaches
  3 goblins (D:1)
  A kobold (D:2)
  A ball python (D:1)
  A frilled lizard (D:2)
  A rat (D:2)
16 creatures vanquished.

Vanquished Creatures (collateral kills)
  Natasha (D:2)
  A worm (D:2)
  2 dart slugs (D:1)
  An endoplasm (D:2)
  2 giant cockroaches (D:2)
  2 goblins (D:1)
  2 ball pythons
  A frilled lizard (D:2)
  A kobold (D:1)
13 creatures vanquished.

Grand Total: 29 creatures vanquished

Notes
Turn   | Place    | Note
-------+----------+-------------------------------------------
     0 | D:1      | Icepheonix32 the Merfolk Summoner began the quest for the
                  | Orb.
     0 | D:1      | Reached XP level 1. HP: 13/13 MP: 3/3
   215 | D:1      | Found Quczash's Jewellery Emporium.
   351 | D:1      | Reached XP level 2. HP: 16/19 MP: 3/5
  1211 | D:2      | Reached XP level 3. HP: 18/24 MP: 6/6
  1235 | D:2      | Reached skill level 5 in Summonings
  1274 | D:2      | Learned a level 2 spell: Call Imp
  1278 | D:2      | Learned a level 3 spell: Call Canine Familiar
  1495 | D:2      | Noticed Natasha
  1504 | D:2      | Killed Natasha
  1505 | D:2      | Reached XP level 4. HP: 3/30 MP: 2/7
  1513 | D:2      | Noticed Natasha
  1517 | D:2      | Slain by a shadow imp

Illustrated notes

Levels and vault maps discovered:
D:1:      mrwooster_arrival_statue, layout_loops_ring, serial_shops, shop,
          dreamdust_mushroom_princess
D:2:      minmay_roachtagon, layout_basic, kennysheep_generic_room_2,
          uniq_natasha

Skill      XL: |  1  2  3 |
---------------+----------+-----
Summonings     | 5 |  5.5
Dodging        | |  2.6
Stealth        | |  2.1
Spellcasting   | |  2.0

Action                   |  1- 3 |  4- 6 || total
-------------------------+-------+-------++-------
Melee: Short sword       |    22 |       ||    22
       Unarmed           |     3 |       ||     3
       Punch             |     1 |       ||     1
       Whip              |    40 |     2 ||    42
 Cast: Summon Small Mamm |    23 |       ||    23
       Call Imp          |     2 |       ||     2
 Stab: Sleeping          |     1 |       ||     1
Armor: Robe              |    19 |       ||    19
Dodge: Dodged            |    51 |       ||    51
